 Dungeon Crawl Stone Soup version 0.30-a0-304-gdc4b735fe1 (webtiles) character file.

Game seed: 5843376002023994362

24 Sobieck the Cudgeller (level 2, 26/26 HPs)
             Began as an Armataur Gladiator on Oct 20, 2022.
             Got out of the dungeon alive.
             The game lasted 00:01:10 (401 turns).

Sobieck the Cudgeller (Armataur Gladiator)           Turns: 401, Time: 00:01:11

Health: 26/26      AC:  5    Str: 19    XL:     2   Next: 79%
Magic:  2/2        EV:  9    Int:  8    God:
Gold:   7          SH:  0    Dex: 11    Spells: 1/1 levels left

rFire   . . .      SeeInvis .    a - +0 flail {mace}
rCold   . . .      Faith    .    (no shield)
rNeg    . . .      Spirit   .    b - +0 leather armour
rPois   .          Reflect  .    c - +0 helmet
rElec   .          Harm     .    (no cloak)
rCorr   .          Roll     +    (no gloves)
Will    .....                    (no barding)
Stlth   +.........               (no amulet)
HPRegen 0.24/turn                (no ring)
MPRegen 0.08/turn                (no ring)

@: no status effects
A: large, rugged brown scales 3, deformed body, armoured tail, roll, long
tongue, awkward tongue
a: no special abilities


You escaped.
You visited 1 branch of the dungeon, and saw 1 of its levels.

You collected 7 gold pieces.


Innate Abilities, Weirdness & Mutations

You are completely covered in rugged brown scales. (AC +3, +7% HP)
Armour fits poorly on your strangely shaped body.
You have a long armoured tail.
You roll when moving toward enemies. (Rampage)
Your long tongue fully drains potion bottles. (2x potion effects)
Your tongue gives you trouble enunciating. (1.5x scroll delay)


   Skills:
 + Level 2.4 Fighting
 + Level 3.3 Maces & Flails
 - Level 1.7 Throwing
 - Level 2.1 Dodging


You had one spell level left.
You didn't know any spells.
Your spell library was empty.

Inventory:

Hand Weapons
 a - a +0 flail (weapon) {mace}
Missiles
 d - 3 throwing nets (quivered) {=f!fthrowing}
 e - a javelin {throwing}
 f - 10 stones {throwing}
 h - 6 silver boomerangs {throwing}
Armour
 b - a +0 leather armour (worn)
 c - a +0 helmet (worn)
 j - a +0 leather armour
   (You found it on level 1 of the Dungeon)
Scrolls
 g - a scroll of identify {unknown}
Potions
 i - a potion of attraction {unknown}

Dungeon Overview and Level Annotations

Branches:
Dungeon (1/15) Zot: 5586

Altars:

#.##.##..# #####.# .#
#.##.##..#########.# .#
#.##.....).........# #
.#
#.#####..######..#####.#
.# #.#####..#
#.#.#.#.#.. #.#
#........# ##.#.#.#.#
#.# ########.#
#.#.#.#.###########.##
#.#
##.#.#.#..............
#.#
#.#.#@#.##########.##.
#.# ##.#.#.#.#
#######.##. .#
#.#.#.#.## #..........
.# ##.#.#.#.#
#.#####.##.
#.######.###.## #.##.
...............# #.##)
##########.###.# #.##)
.# .# #.#.. # # #......


There were no monsters in sight!


Message History

The ball python bites you.
You barely miss the ball python.
The endoplasm quivers.
The ball python barely misses you.
You hit the ball python but do no damage.
The ball python barely misses you.
The endoplasm jiggles.
The ball python bites you.
You hit the ball python.
You kill the ball python!
A goblin comes into view. It is wielding a +0 dagger.
You barely miss the kobold. The kobold hits you but does no damage.
You barely miss the kobold. The kobold hits you but does no damage.
You hit the kobold.
You kill the kobold!
The endoplasm freezes you.
You are frozen.
You are too injured to fight recklessly!
You are too injured to fight recklessly!
You are too injured to fight recklessly!
Unknown command.
You barely miss the endoplasm. The endoplasm barely misses you.
You sock the endoplasm!
You kill the endoplasm!
Unknown command.
You sock the goblin!
You kill the goblin!
A goblin comes into view. It is wielding a +0 dagger.
A goblin comes into view. It is wielding a +0 dagger.
The goblin shouts! x2; You hear an angry hiss. x2
Items here: ( )) †.
Unknown command.
You closely miss the goblin.
Your tail-slap misses the goblin.
A bat comes into view.
The goblin closely misses you. The goblin hits you but does no damage.
The bat moves out of view.
Unknown command.
You closely miss the goblin. The goblin barely misses you.
You barely miss the goblin.
Your tail-slap misses the goblin.
The goblin hits you with a +0 dagger.
You hit the goblin. The goblin barely misses you.
Unknown command.
You hit the goblin.
You kill the goblin!
The goblin hits you but does no damage.
Unknown command.
You hit the goblin but do no damage. The bat closely misses you. x2
The goblin hits you with a +0 dagger.
You barely miss the goblin. The bat hits you but does no damage.
The goblin hits you with a +0 dagger.
Unknown command.
You closely miss the goblin. The bat hits you but does no damage.
A ball python comes into view.
The goblin hits you but does no damage. The bat hits you but does no damage.
The ball python hisses angrily.
You sock the goblin!
You kill the goblin!
The bat barely misses you. The bat hits you.
The bat hits you but does no damage. The bat attacks as you move away!
The bat hits you but does no damage. x2
The bat misses you.
Things that are here:
a +0 dagger {short}; a +0 dagger {short}; a goblin corpse Unknown command.
The bat attacks as you move away! The bat hits you but does no damage. x2
Unknown command.
You closely miss the bat.
Your tail-slap misses the bat.
The bat barely misses you.
You closely miss the bat. The bat barely misses you. The ball python bites you.
You closely miss the ball python.
Your tail-slap misses the ball python.
The bat hits you but does no damage. The ball python closely misses you.
Unknown command.
You thump the ball python!
You kill the ball python!
The bat hits you but does no damage. The bat closely misses you.
Things that are here:
a +0 dagger {short}; a +0 dagger {short}; a goblin corpse Unknown command.
Items here: ( )) †.
Unknown command.
You hit the bat.
You kill the bat!
Things that are here:
a +0 dagger {short}; a +0 dagger {short}; a goblin corpse Unknown command.
Unknown command.
A ball python is nearby!
Danger!
You are too injured to fight recklessly!
You are too injured to fight recklessly!
You are too injured to fight recklessly!
You roll towards the ball python!
Items here: ( )) †.
You roll towards the ball python!
You sock the ball python!
You kill the ball python!
You start resting.
There is a staircase leading out of the dungeon here.
Are you sure you want to leave the Dungeon?
This will make you lose the game!
You have escaped!

Skill      XL: |  1 |
---------------+----+-----
Fighting       | 2 |  2.4
Maces & Flails | 3 |  3.3
Throwing       | |  1.7
Dodging        | |  2.1

Action                   || total
-------------------------++-------
Melee: Flail             ||    50
       Tailslap          ||     1
 Stab: Sleeping          ||     1
Armor: Leather armour    ||    24
Dodge: Dodged            ||    23

Levels and vault maps discovered:
D:1:      lightli_arrival_chessboard, layout_loops_ring

Notes
Turn   | Place    | Note
-------+----------+-------------------------------------------
     0 | D:1      | Sobieck the Armataur Gladiator began the quest for the Orb.
     0 | D:1      | Reached XP level 1. HP: 18/18 MP: 1/1
    71 | D:1      | Reached skill level 2 in Fighting
    79 | D:1      | Reached skill level 3 in Maces & Flails
    79 | D:1      | Reached XP level 2. HP: 25/25 MP: 2/2
   401 | D:$      | Got out of the dungeon alive.

Vanquished Creatures
  A dart slug (D:1)
  3 ball pythons (D:1)
  4 endoplasms (D:1)
  4 goblins (D:1)
  2 hobgoblins (D:1)
  3 kobolds (D:1)
  A bat (D:1)
  A frilled lizard (D:1)
  A rat (D:1)
20 creatures vanquished.

Table legend:
 A = Non-vault XP
 B = Vault XP
 C = Vault XP percentage of total XP
 D = Non-vault monster count
 E = Vault monster count
 F = Vault count percentage of total count
                 A         B        C        D         E       F
            +---------+---------+-------+---------+---------+-------
      Total |      35 |       0 |   0.0 |      20 |       0 |   0.0
            +---------+---------+-------+---------+---------+-------
        D:1 |      35 |       0 |   0.0 |      20 |       0 |   0.0
            +---------+---------+-------+---------+---------+-------

Illustrated notes

Table legend:
 A = Kills in this place as a percentage of kills in entire the game.
 B = Kills by you in this place as a percentage of kills by you in the entire game.
 C = Kills by friends in this place as a percentage of kills by friends in the entire game.
 D = Other kills in this place as a percentage of other kills in the entire game.
 E = Experience gained in this place as a percentage of experience gained in the entire game.
 F = Experience gained in this place divided by the number of levels of this place that you have seen.
                   A       B       C       D       E      F
               +-------+-------+-------+-------+-------+----------------------
         Total | 100.0 | 100.0 |   N/A |   N/A | 100.0 |  35.0
       Dungeon | 100.0 | 100.0 |   N/A |   N/A | 100.0 |  35.0
               +-------+-------+-------+-------+-------+----------------------

Table legend: (Time is in decaauts)
 A = Elapsed time spent in this place.
 B = Non-inter-level travel time spent in this place.
 C = Inter-level travel time spent in this place.
 D = Time resting spent in this place.
 E = Time spent auto-exploring this place.
 F = Levels seen in this place.
 G = Mean time per level.
                   A        B        C        D        E       F      G
               +--------+--------+--------+--------+--------+-----+--------+
         Total |    413 |    402 |     11 |     32 |    244 |   1 |  413.0 |
       Dungeon |    413 |    402 |     11 |     32 |    244 |   1 |  413.0 |
               +--------+--------+--------+--------+--------+-----+--------+

Top non-repeatable levels by time:
     D:1: 413 daAuts
